 Dungeon Crawl Stone Soup version bcrawl-1.19.2-6-g6a88ae04c9 (webtiles) character file.

Game seed: 7575860840613654822

134 Mrkan the Ruffian (level 4, 0/45 HPs)
             Began as a Troll Fighter on Jan 5, 2020.
             Succumbed to a kobold's poison
             ... on level 3 of the Dungeon.
             The game lasted 00:02:46 (1801 turns).

Mrkan the Ruffian (Troll Fighter)                   Turns: 1801, Time: 00:02:47

Health: 0/45       AC:  5    Str: 25    XL:     4   Next: 95%
Magic:  3/3        EV:  8    Int:  5    God:
Gold:   155        SH:  8    Dex:  9    Spells: 3/3 levels left

rFire    . . .     SeeInvis .     - Unarmed
rCold    . . .     Gourm    +   a - +0 shield
rNeg     . . .     Faith    .   (armour unavailable)
rPois    .         Spirit   .   (helmet restricted)
rElec    .         Reflect  .   (no cloak)
rCorr    .         Harm     .   (gloves unavailable)
MR       .....                  (boots unavailable)
Stlth    +.........             (no amulet)
HPRegen  0.55/turn              (no ring)
MPRegen  0.08/turn              (no ring)

@: lethally poisoned (0 -> -21)
A: large, almost no armour, unfitting armour, claws 3, fast metabolism 3,
gourmand, regeneration 1, AC +5
a: no special abilities


You were on level 3 of the Dungeon.
You were very full.

You visited 1 branch of the dungeon, and saw 3 of its levels.

You collected 155 gold pieces.

Inventory:

Armour
 a - a +0 shield (worn)
Jewellery
 e - an uncursed amulet of magic regeneration {unknown}
 f - a +5 ring of dexterity {unknown}
 n - an uncursed ring of resist corrosion {unknown}
Scrolls
 h - 2 scrolls of identify {unknown}
 j - a scroll of blinking {unknown}
 l - a scroll of amnesia {unknown}
Potions
 b - a potion of might
 d - 2 potions of agility {unknown}
 g - a potion of degeneration {unknown}
 i - a potion of heal wounds {unknown}
 k - a potion of haste {unknown}
 m - a potion of magic {unknown}
Comestibles
 c - 4 rations {!d}


   Skills:
 + Level 3.3 Fighting
 - Level 2.4 Dodging
 - Level 2.0 Shields
 * Level 4.3 Unarmed Combat


You had 3 spell levels left.
You didn't know any spells.
Your spell library was empty.

Dungeon Overview and Level Annotations

Branches:
Dungeon (3/12)

Altars:
Vehumet


Innate Abilities, Weirdness & Mutations

You cannot wear most types of armour.
Your thick skin is tough. (AC +5)
You are too large for most types of armour.
You have claws for hands.
Your metabolism is lightning-fast.
You like to eat raw meat.
Your natural rate of healing is unusually fast.


Message History

You are more poisoned.
The orc hits you but does no damage.
* * * LOW HITPOINT WARNING * * *
You feel very sick. You block the kobold's attack.
The orc hits you but does no damage.
Things that are here:
a +0 war axe; a +0 club You claw the kobold!
You kill the kobold!
* * * LOW HITPOINT WARNING * * *
You feel very sick. You block the orc's attack. x2
* * * LOW HITPOINT WARNING * * *
You feel very sick. You block the orc's attack. The orc hits you.
* * * LOW HITPOINT WARNING * * *
You see here a +1 dagger of venom.
You scratch the orc.
The orc is lightly wounded.
You die...

..#. .# ##... .. ....#.# ##
.....## ...###.....# ..
#....#....##### .....
#.....#........ .#.....#
#.#.)o...........#...#
#...o@................
####............#.....
#............#.....
#########..........##.....
##............##.....#.....
##............## ##.........
#..............###.....)....
#.........(.............†.##
#...........................


You could see 2 orcs.

Vanquished Creatures
  2 worker ants
  An adder (D:3)
  An ooze (D:1)
  3 worms (D:2)
  2 dart slugs
  7 leopard geckos
  3 orcs (D:3)
  4 giant cockroaches
  2 goblins
  9 hobgoblins
  5 kobolds
  A quokka (D:2)
  3 bats
  2 frilled lizards (D:1)
  3 rats
48 creatures vanquished.

Notes
Turn   | Place    | Note
-------+----------+-------------------------------------------
     0 | D:1      | Mrkan the Troll Fighter began the quest for the Orb.
     0 | D:1      | Reached XP level 1. HP: 22/22 MP: 0/0
   353 | D:1      | Reached XP level 2. HP: 26/29 MP: 1/1
   836 | D:1      | Reached skill level 3 in Unarmed Combat
   950 | D:1      | Reached XP level 3. HP: 36/36 MP: 2/2
  1016 | D:2      | Found a radiant altar of Vehumet.
  1280 | D:2      | Gained mutation: Your natural rate of healing is unusually
                  | fast. [Troll growth]
  1280 | D:2      | Reached XP level 4. HP: 41/45 MP: 3/3
  1742 | D:3      | Reached skill level 4 in Unarmed Combat
  1801 | D:3      | Succumbed to a kobold's poison

Skill      XL: |  1  2  3  4 |
---------------+-------------+-----
Unarmed Combat | 3 4 |  4.3
Fighting       | 3 |  3.3
Dodging        | |  2.4
Shields        | |  2.0

Action                   |  1- 3 |  4- 6 || total
-------------------------+-------+-------++-------
Melee: Unarmed           |   107 |    61 ||   168
  Eat: Chunk             |    11 |     4 ||    15
Armor: Skin              |    41 |    34 ||    75
Dodge: Dodged            |    37 |    36 ||    73
Block: Shield            |    47 |    33 ||    80
